Map: Crête de Lerilak

Players

zidar

  • Race: Zerg Zerg
  • League: Silver
  • Spawn Location: 11:00

Bersnkor - Winner!

  • Race: Terran Terran
  • League: Bronze
  • Spawn Location: 5:00

VOD

Have the link to the VOD?

Description

Time

  • Played on: Nov. 28, 2015, 10:53 a.m.
  • Length: 13:54
Show
View Real Time Build Order
Export as new Build Order

zidar Zerg 

Build Orders: Hatch First 

Get SALT Encoding   

  12  0:01  Drone  
  13  0:12  Overlord  
  13  0:20  Drone  
  14  0:30  Drone  
  14  0:31  Drone  
  16  0:36  Drone  
  17  0:56  Hatchery  
  16  1:08  Drone  
  17  1:11  Extractor  
  17  1:12  Drone  
  17  1:25  Spawning Pool  
  16  1:44  Drone  
  17  1:49  Drone  
  17  1:50  Drone  
  18  2:01  Drone  
  19  2:13  Queen  
  19  2:15  Queen  
  23  2:16  Overlord  
  23  2:24  Drone x3  
  26  2:30  Zergling x4  
  28  2:38  Metabolic Boost  
  28  2:41  Drone  
  28  2:43  Drone  
  30  3:00  Zergling x4  
  32  3:06  Overlord  
  32  3:07  Baneling Nest  
  32  3:08  Overlord  
  31  3:33  Extractor  
  30  3:35  Lair  
  30  3:42  Extractor x2  
  30  3:45  Drone x9  
  37  3:48  Overlord  
  37  4:02  Queen  
  39  4:24  Drone  
  39  4:25  Drone x3  
  43  4:42  Roach Warren  
  41  4:54  Zergling x6  
  41  4:55  Zergling x8  
  41  4:56  Zergling x4  
  41  4:57  Zergling x2  
  51  5:10  Queen  
  53  5:17  Hydralisk Den  
  52  5:26  Evolution Chamber  
  51  5:28  Evolution Chamber  
  27  5:55  Roach x9  
  27  5:56  Roach  
  39  6:48  Roach x2  
  39  6:49  Roach  
  45  7:07  Drone x3  
  48  7:09  Drone  
  48  7:15  Drone  
  48  7:48  Drone x5  
  48  7:49  Drone x3  
  44  8:20  Roach  
  44  8:21  Roach x6  
  44  8:22  Roach  
  60  8:46  Overlord x2  
  60  8:47  Overlord  
  60  9:29  Roach x11  
  60  9:30  Roach  
  62  10:14  Roach x5  
  62  10:15  Roach x5  
  62  10:19  Ravager  
  62  10:20  Ravager x3  
  84  10:30  Zerg Missile Weapons Level 1  
  58  11:57  Roach  
  58  11:58  Roach x5  
  69  12:16  Hydralisk  
  71  12:35  Hydralisk x2  
  75  12:48  Hydralisk  
Show
View Real Time Build Order
Export as new Build Order

Bersnkor Terran - Winner!

Build Orders:  

Get SALT Encoding   

  12  0:01  SCV  
  13  0:13  SCV  
  14  0:19  Supply Depot  
  14  0:25  SCV  
  15  0:41  SCV  
  15  0:42  Barracks  
  16  0:46  Refinery  
  16  0:53  SCV  
  17  1:06  SCV  
  18  1:20  SCV  
  19  1:30  Supply Depot  
  19  1:32  Orbital Command  
  19  1:43  Marine  
  20  1:49  Factory  
  20  2:06  SCV  
  21  2:18  Barracks Reactor  
  21  2:21  SCV  
  22  2:33  SCV  
  23  2:41  Command Center  
  23  2:45  SCV  
  24  2:58  Barracks x2  
  24  3:00  SCV  
  24  3:05  Hellion x2  
  29  3:17  Barracks Reactor  
  29  3:19  Factory  
  28  3:21  SCV  
  29  3:27  Supply Depot  
  29  3:28  Hellion, Supply Depot  
  31  3:44  Refinery  
  31  3:49  Marine x2, SCV, Hellion  
  31  3:51  Supply Depot  
  36  4:01  SCV, Orbital Command  
  37  4:09  Hellion  
  39  4:13  SCV  
  39  4:14  Hellion  
  42  4:20  Hellion  
  42  4:22  Hellion  
  46  4:24  Orbital Command  
  46  4:39  Marine, Hellion x2  
  46  4:40  Marine  
  52  4:50  SCV x2  
  52  4:51  Marine  
  55  4:53  Hellion  
  55  4:54  Hellion  
  55  4:57  Marine  
  61  5:02  SCV x2  
  63  5:09  Supply Depot  
  63  5:12  Barracks Tech Lab  
  64  5:14  SCV x2  
  64  5:16  Barracks Tech Lab  
  64  5:25  Marine  
  64  5:26  SCV x2  
  64  5:27  Hellion  
  69  5:32  Bunker  
  69  5:34  Supply Depot  
  69  5:43  Marine  
  69  5:47  Marine x2  
  69  5:49  Hellion x2  
  74  5:52  SCV x2  
  76  6:01  Marine  
  76  6:04  SCV x2  
  75  6:05  Marine x2  
  75  6:15  Supply Depot  
  75  6:16  SCV  
  75  6:17  SCV, Supply Depot  
  75  6:18  Supply Depot  
  65  6:20  Combat Shield, Stimpack  
  65  6:21  Barracks Reactor  
  65  6:27  Starport  
  65  6:28  SCV  
  65  6:29  SCV  
  65  6:32  Refinery  
  67  6:44  SCV x2  
  67  6:46  Refinery  
  69  6:50  Hellion x2  
  69  6:51  Hellion x2  
  77  6:54  Armory  
  77  7:05  Supply Depot  
  77  7:06  SCV x2  
  79  7:14  Marine  
  79  7:15  Marine  
  80  7:16  Marine  
  80  7:18  SCV x2  
  80  7:19  Hellion x2  
  80  7:20  Hellion  
  80  7:21  Hellion  
  92  7:28  Medivac  
  92  7:29  Medivac  
  96  7:30  SCV x2  
  96  7:32  Marine  
  96  7:33  Marine  
  96  7:34  Marine, Supply Depot  
  101  7:46  SCV  
  101  7:50  Marine  
  101  7:51  Marine  
  103  7:57  Marine  
  103  8:01  Command Center  
  105  8:08  Marine, Widow Mine x2  
  105  8:11  Marine  
  107  8:13  Hellion x2  
  107  8:14  Medivac x2  
  107  8:15  Marine  
  107  8:18  SCV x2  
  118  8:26  Marine  
  119  8:27  Terran Vehicle Weapons Level 1, Engineering Bay  
  119  8:28  Supply Depot, Engineering Bay  
  119  8:29  Hellion  
  121  8:42  SCV x2  
  121  8:44  Medivac  
  121  8:47  Barracks Reactor  
  125  8:48  Supply Depot  
  125  8:54  Terran Infantry Armor Level 1, SCV, Terran Infantry Weapons Level 1  
  126  8:56  Medivac  
  126  8:59  Hellion x2  
  126  9:00  Hellion  
  134  9:10  Hellion  
  134  9:11  SCV, Supply Depot  
  134  9:13  Orbital Command  
  134  9:14  Medivac  
  134  9:15  Supply Depot  
  135  9:20  Hellion  
  135  9:26  Marine x3  
  135  9:27  Marine  
  139  9:39  Hellion  
  139  9:40  Hellion x2  
  139  9:44  Marine x2  
  147  9:45  Marine x2  
  147  9:47  Medivac x2  
  151  10:02  Marine x2  
  151  10:03  Supply Depot x2  
  151  10:04  Marine x2  
  138  10:15  SCV x2  
  138  10:17  Medivac  
  142  10:22  Marauder  
  142  10:23  Marauder  
  146  10:34  Sensor Tower  
  146  10:38  Sensor Tower  
  146  10:42  Sensor Tower  
  146  10:48  Supply Depot  
  146  10:52  SCV x2  
  144  11:08  Marine, Terran Infantry Weapons Level 2, Terran Infantry Armor Level 2  
  144  11:09  Marine x2  
  147  11:21  SCV x2  
  147  11:23  Marine  
  150  11:26  Marine x2  
  151  11:33  SCV x2  
  151  11:39  Orbital Command  
  151  11:49  SCV  
  151  11:50  SCV  
  153  12:02  Marine, Marauder x2  
  158  12:12  Barracks  
  154  12:20  Marine  
  155  12:23  Marauder  
  155  12:24  Barracks, Marauder  
  155  12:26  Barracks  
  159  12:40  Hellbat x2  
  159  12:41  Hellbat x2  
  167  12:45  Marauder x2  
  167  12:49  SCV x2  
  173  12:55  Refinery  
  173  12:56  Missile Turret  
  173  12:57  Refinery  
  173  13:01  Missile Turret, SCV x2  
  173  13:04  Barracks Tech Lab  
  173  13:05  Supply Depot  
  175  13:08  Marauder x2  
  175  13:11  Missile Turret  
  175  13:12  Hellbat, Supply Depot  
  181  13:13  Supply Depot  
  181  13:14  Barracks Tech Lab  
  181  13:15  Barracks Tech Lab  
  181  13:29  Marauder  
  181  13:30  Marauder  
  185  13:34  Marine x2  
  187  13:46  Command Center  
Tags
 
Add a new tag
Caveats
  • Supply blocks, unpowered buildings, or Contaminate may cause inaccurate times.
  • Supply counts are checked every 10 seconds.